Map: Lerilak Crest

Players

Javert

  • Race: Zerg Zerg
  • League: Platinum

TKNinja - Winner!

  • Race: Zerg Zerg
  • League: Silver

VOD

Have the link to the VOD?

Description

Time

  • Played on: July 21, 2015, 12:08 a.m.
  • Length: 3:30
Show
View Real Time Build Order
Export as new Build Order

Javert Zerg 

Build Orders: Pool First 

Get SALT Encoding   

  12  0:01  Drone  
  13  0:12  Overlord  
  13  0:18  Drone  
  14  0:31  Drone x2  
  14  0:35  Drone  
  17  0:39  Extractor  
  16  0:45  Drone  
  17  0:51  Spawning Pool  
  17  0:56  Drone  
  17  1:08  Drone  
  18  1:18  Overlord  
  18  1:37  Hatchery  
  17  1:40  Metabolic Boost  
  17  1:45  Queen  
  19  1:57  Zergling x6  
  22  2:08  Drone  
  23  2:21  Queen  
  25  2:28  Drone  
  26  2:33  Drone  
  27  2:47  Zergling x2  
  28  2:52  Queen  
  28  2:55  Spine Crawler  
  29  3:05  Zergling x8  
Show
View Real Time Build Order
Export as new Build Order

TKNinja Zerg - Winner!

Build Orders: Pool Only 

Get SALT Encoding   

  12  0:01  Drone  
  13  0:10  Extractor  
  12  0:16  Drone x2  
  14  0:35  Spawning Pool  
  13  0:42  Overlord  
  13  0:48  Drone  
  14  1:21  Queen  
  14  1:24  Metabolic Boost  
  14  1:25  Zergling x6  
  19  1:38  Zergling x2  
  20  1:52  Overlord  
  20  1:58  Baneling Nest  
  19  2:02  Zergling x2  
  20  2:14  Zergling x2  
  21  2:19  Zergling x2  
  22  2:31  Zergling x8  
  25  2:46  Baneling x2  
  25  2:54  Zergling x4  
  26  3:00  Baneling x3  
  26  3:01  Zergling x4  
  26  3:02  Zergling x2  
Tags
 
Add a new tag
Caveats
  • Supply blocks, unpowered buildings, or Contaminate may cause inaccurate times.
  • Supply counts are checked every 10 seconds.